 Seeded DCSS version 0.28.0-53-g5a82cb258f (webtiles) character file.

Game seed: 2522883527361852585 (custom seed)

48893 cbfl8 the Severer (level 14, -2/205 HPs)
             Began as a Minotaur Fighter on July 20, 2022.
             Was a High Priest of Makhleb.
             Slain by a bone dragon (11 damage)
             ... on level 2 of the Abyss.
             The game lasted 00:34:01 (20702 turns).

cbfl8 the Severer (Minotaur Fighter)               Turns: 20702, Time: 00:34:02

Health: -2/205     AC: 27    Str: 23    XL:     14   Next: 14%
Magic:  12/12      EV:  2    Int:  3    God:    Makhleb [*****.]
Gold:   1732       SH:  0    Dex: 13    Spells: 13/13 levels left

rFire   + . .      SeeInvis +   N - +0 broad axe (venom)
rCold   . . .      Faith    .   H - orb {*Rage}
rNeg    + . .      Spirit   .   (armour currently unavailable)
rPois   +          Reflect  .   (helmet currently unavailable)
rElec   .          Harm     .   (cloak currently unavailable)
rCorr   .          Rampage  .   (gloves currently unavailable)
Will    +....      Rage     20% (boots currently unavailable)
Stlth   ++........ NoTele   +   (no amulet)
HPRegen 0.44/turn               B - ring of protection from fire
MPRegen 0.13/turn               X - ring of positive energy

@: mighty, brilliant, tree-form
A: stationary, stasis, torment immunity, boosted hp, (horns 2), (retaliatory
headbutt), see invisible, mutation resistance 1, [dopey 1], [low MP 2]
a: Renounce Religion, Minor Destruction, Lesser Servant of Makhleb, Major
Destruction, Greater Servant of Makhleb


You were on level 2 of the Abyss.
You worshipped Makhleb.
Makhleb was extremely pleased with you.
You were a tree.
You visited 3 branches of the dungeon, and saw 19 of its levels.
You visited the Abyss 1 time.
You also visited: Volcano.

You collected 1732 gold pieces.

Inventory:

Hand Weapons
 b - the +9 long sword of Analysis {venom, *Noise rPois Will+ Stlth+}
   (You found it on level 6 of the Lair of Beasts)

   It poisons the flesh of those it strikes.
   rPois:     It protects you from poison.
   *Noise:    It may make noises in combat.
   Will:      It increases your willpower.
   Stlth:     It makes you more stealthy.
 N - a +0 broad axe of venom (weapon)
 V - a +4 halberd of protection
 Z - a +1 battleaxe of flaming
Missiles
 S - a throwing net
Armour
 h - a scarf of shadows
 x - a +1 cloak
 D - a +0 pair of gloves (melded)
 H - an orb of wrath (worn)
 J - a +4 chain mail of willpower (melded)
 M - a +0 plate armour
 Q - a +2 hat of willpower (melded)
 Y - a scarf of repulsion (melded)
Jewellery
 a - a ring of positive energy
 c - a ring of wizardry
 B - a ring of protection from fire (left branch)
 C - a ring of poison resistance
 X - a ring of positive energy (right branch)
Wands
 g - a wand of digging (5)
 q - a wand of iceblast (7) (quivered)
 w - a wand of polymorph (24)
 F - a wand of flame (23)
 T - a wand of mindburst (15)
 W - a wand of acid (7)
Scrolls
 i - 2 scrolls of blinking
 m - 2 scrolls of immolation {unknown}
 n - 4 scrolls of fog
 p - 5 scrolls of magic mapping
 r - 2 scrolls of noise
 t - 5 scrolls of teleportation
 u - 3 scrolls of enchant armour
 y - 3 scrolls of fear
 K - 2 scrolls of enchant weapon {unknown}
 U - a scroll of holy word {unknown}
Potions
 d - 2 potions of might
 e - a potion of heal wounds {unknown}
 f - 3 potions of cancellation
 j - a potion of resistance {unknown}
 k - 4 potions of curing
 l - 3 potions of lignification
 o - 2 potions of invisibility {unknown}
 s - a potion of magic {unknown}
 z - 2 potions of haste {unknown}
 E - 2 potions of berserk rage
 L - 2 potions of mutation
 O - 4 potions of flight
 P - 2 potions of brilliance
Miscellaneous
 A - a condenser vane
 R - a piece from Xom's chessboard (15/15)


   Skills:
 * Level 16.2 Fighting
 + Level 17.1 Axes
 + Level 12.7 Armour
 + Level 3.5 Dodging
 + Level 1.3 Stealth
 + Level 5.4 Shields
 * Level 3.7 Invocations
 * Level 9.0 Evocations


You had 13 spell levels left.
You didn't know any spells.
Your spell library contained the following spells:

 Spells                   Type           Power      Damage    Failure   Level
 Sandblast                Erth           0%         2d4       52%         1
 Corpse Rot               Necr/Air       0%         N/A       67%         2
 Ensorcelled Hibernation  Hex/Ice        0%         N/A       67%         2
 Passwall                 Tmut/Erth      0%         N/A       67%         2
 Poisonous Vapours        Pois/Air       0%         N/A       67%         2
 Static Discharge         Conj/Air       0%         N/A       67%         2
 Call Canine Familiar     Summ           0%         N/A       88%         3
 Frozen Ramparts          Ice            0%         1d2       88%         3
 Gell's Gravitas          Tloc           0%         N/A       88%         3
 Lesser Beckoning         Tloc           0%         N/A       88%         3
 Portal Projectile        Hex/Tloc       0%         N/A       88%         3
 Stone Arrow              Conj/Erth      0%         3d7       88%         3
 Swiftness                Air            0%         N/A       88%         3
 Teleport Other           Tloc           0%         N/A       88%         3
 Dispel Undead            Necr           0%         3d6       99%         4
 Hailstorm                Conj/Ice       0%         3d3       99%         4
 Ice Form                 Ice/Tmut       0%         N/A       99%         4
 Leda's Liquefaction      Hex/Erth       0%         N/A       99%         4
 Sticky Flame             Conj/Fire      0%         2d3       99%         4
 Freezing Cloud           Conj/Ice/Air   0%         6-21      100%        5
 Eringya's Noxious Bog    Tmut/Pois      0%         N/A       100%        6
 Simulacrum               Ice/Necr       0%         N/A       100%        6


Dungeon Overview and Level Annotations

Branches:
Dungeon (12/15)            Temple (1/1) D:7            Lair (6/6) D:8
  Swamp (0/4) Lair:2       Spider (0/4) Lair:2        Slime (0/5) Lair:5
    Orc (0/2) D:11        Volcano (visited)

Altars:
Cheibriados
Gozag
Makhleb
Nemelex Xobeh
Qazlal
Ru
Sif Muna
Trog
Vehumet
Wu Jian
Xom
Yredelemnul
Zin
The Shining One

Portals:
Abyss: D:5
Trove: D:10 (give +4 ice dragon scales)

Annotations:
D:4 1 runed translucent door, bronco's ghost, amateur BaWr
D:5 2 transporters, Sigmund; bnorton916's ghost, novice DEFE
D:11 exclusion: obsidian statue


Innate Abilities, Weirdness & Mutations

You are a tree.
Your roots penetrate the ground, keeping you stationary.
You cannot be teleported.
You are immune to unholy pain and torment.
Your maximum health is greatly increased.
Your equipment is partially melded.
((You have a pair of horns on your head.))
((You reflexively headbutt those who attack you in melee.))
You have supernaturally acute eyesight. (SInv)
You are somewhat resistant to further mutation.
[You are dopey. (Int -2)]
[Your magical capacity is very low. (-20% MP)]


Message History

The bone dragon bites you!! The bone dragon claws you!
The bone dragon closely misses you.
You completely miss the bone dragon.
The bone dragon is heavily damaged.
You barely miss the bone dragon.
The bone dragon is heavily damaged.
The bone dragon bites you! The bone dragon completely misses you.
The bone dragon barely misses you.
You slash the bone dragon!
The bone dragon is severely damaged.
The bone dragon bites you!! The bone dragon claws you!
* * * LOW HITPOINT WARNING * * *
The bone dragon tramples you!
* * * LOW HITPOINT WARNING * * *
You hold your ground!
Really quaff the potion of lignification?
You turn into a tree.
Your scarf of repulsion melds into your body.
Your +2 hat of willpower melds into your body.
Your +0 pair of gloves melds into your body.
Your +4 chain mail of willpower melds into your body.
The haze of the repulsion field disappears.
You feel less strong-willed. x2; Your roots penetrate the ground.
The bone dragon bites you but does no damage.
The bone dragon claws you.
* * * LOW HITPOINT WARNING * * *
The bone dragon tramples you!
* * * LOW HITPOINT WARNING * * *
It was a potion of mutation.
You feel extremely strange.
You feel less resistant to poisons.
You feel clever.
Your vision sharpens.
You feel genetically stable.
The bone dragon bites you but does no damage.
The bone dragon claws you!
* * * LOW HITPOINT WARNING * * *
The bone dragon tramples you but does no damage.
It was a potion of brilliance.
You feel clever all of a sudden.
The bone dragon bites you but does no damage.
The bone dragon claws you!
You die...

# # ## # . #..
# ## #...# #
###..#.# .# .
. ##..# #.# #
##..#....#
...#
....####.#.#.#
## .# #.# . .#
# . ## .#
....# # . ..##
#.#.##### #
##.# .#.#.♣..#
# #
#.#.#.##D.# #.
#.. #. #.# .
.## # ##.# .##
... #. #.#..
#. . #. ..


You could see a bone dragon.

Vanquished Creatures
  A bone dragon (Abyss:2)
  Gastronok (D:9)
  A fire dragon (Volcano)
  A boulder beetle (Lair:5)
  2 two-headed ogres (D:10)
  4 sun demons (Volcano)
  A wretched star (Abyss:2)
  A bog body (Lair:2)
  A lindwurm (Lair:6)
  An ugly thing (Lair:6)
  A cyclops (D:11)
  Maurice (D:10)
  8 black mambas
  5 elephants (Lair:5)
  5 smoke demons
  Joseph (D:10)
  2 gargoyles (D:10)
  A torpor snail (Lair:4)
  9 cane toads
  An unseen horror (D:11)
  An unseen horror (shapeshifter) (Lair:6)
  6 rime drakes
  3 komodo dragons
  2 ancient zymes
  7 slime creatures
  A tarantella (shapeshifter) (Lair:6)
  A large abomination (Lair:6)
  38 blink frogs
  10 small abominations
  A wraith (D:9)
  A flying skull (Abyss:2)
  A shadow (D:11)
  51 yaks
  2 wyverns (Lair:4)
  8 basilisks
  2 chaos spawn (Lair:6)
  4 vampire mosquitoes (D:10)
  4 steam dragons
  A two-headed ogre zombie (D:11)
  15 water moccasins
  2 hell hounds (Volcano)
  5 orc warriors
  4 sky beasts
  3 ice beasts
  3 black bears (Lair:3)
  3 ogres
  3 necrophages
  5 centaurs
  16 wolves
  A phantom (D:11)
  5 kobold brigands
  14 bullfrogs
  3 scorpions
  2 gnoll sergeants
  2 wyvern zombies
  A water moccasin zombie (D:5)
  2 troll zombies (D:11)
  2 wights
  A howler monkey (D:6)
  2 centaur zombies
  7 hounds
  4 jellies
  A bullfrog zombie (D:6)
  8 orc priests
  Crazy Yiuf (D:2)
  Jessica (D:2)
  A centaur skeleton (D:6)
  8 orc wizards
  2 iguanas (D:5)
  A killer bee zombie (D:9)
  5 ogre zombies (D:11)
  2 hound skeletons
  6 adders
  10 gnolls
  A river rat (D:4)
  3 white imps
  An ufetubus (D:4)
  3 worms
  2 dart slugs (D:4)
  33 orcs
  14 endoplasms
  4 giant cockroaches
  8 goblins
  8 hobgoblins
  2 quokkas (D:2)
  4 ball pythons
  7 bats
  2 frilled lizards
  2 goblin skeletons (D:11)
  2 goblin zombies (D:11)
  A hobgoblin skeleton (D:11)
  4 hobgoblin zombies (D:11)
  22 kobolds
  An orc skeleton (D:11)
  15 orc zombies (D:11)
  6 rats
488 creatures vanquished.

Vanquished Creatures (others)
  An orc wizard (D:9)
  39 fungi
  32 plants
72 creatures vanquished.

Grand Total: 560 creatures vanquished

Notes
Turn   | Place    | Note
-------+----------+-------------------------------------------
     0 | D:1      | cbfl8 the Minotaur Fighter began the quest for the Orb.
     0 | D:1      | Reached XP level 1. HP: 19/19 MP: 0/0
   340 | D:1      | Reached XP level 2. HP: 27/27 MP: 1/1
   592 | D:1      | Found a faded altar of an unknown god.
   739 | D:2      | Reached skill level 3 in Axes
   739 | D:2      | Reached XP level 3. HP: 25/33 MP: 2/2
   800 | D:2      | Reached XP level 4. HP: 36/41 MP: 3/3
  1088 | D:2      | Noticed Jessica
  1097 | D:2      | Killed Jessica
  1226 | D:2      | You fall into a shaft and drop 1 floor!
  1245 | D:3      | Reached skill level 4 in Axes
  1245 | D:3      | Reached XP level 5. HP: 46/47 MP: 4/4
  1863 | D:2      | Found a runed translucent door.
  1864 | D:2      | Noticed Crazy Yiuf
  1869 | D:2      | Killed Crazy Yiuf
  2411 | D:4      | Noticed an ogre
  2417 | D:4      | Killed an ogre
  2418 | D:4      | Reached skill level 5 in Fighting
  2418 | D:4      | Reached skill level 5 in Axes
  2418 | D:4      | Reached skill level 1 in Dodging
  2418 | D:4      | Reached XP level 6. HP: 13/56 MP: 5/5
  2706 | D:4      | Reached skill level 1 in Evocations
  2736 | D:4      | Reached skill level 5 in Armour
  2884 | D:4      | Reached XP level 7. HP: 59/61 MP: 6/6
  2963 | D:4      | Found a glowing drain.
  2969 | D:4      | Reached skill level 6 in Axes
  3087 | D:4      | Found a runed translucent door.
  3302 | D:4      | Noticed bronco's ghost (amateur BaWr)
  3432 | D:5      | Entered Level 5 of the Dungeon
  3481 | D:5      | Found a transporter.
  3485 | D:5      | Found a transporter.
  3650 | D:5      | Found a one-way gate to the infinite horrors of the Abyss.
  3650 | D:5      | Noticed bnorton916's ghost (novice DEFE)
  3978 | D:5      | Noticed Sigmund
  4342 | D:6      | Reached skill level 7 in Axes
  4395 | D:6      | Reached skill level 5 in Shields
  4507 | D:6      | Reached XP level 8. HP: 55/70 MP: 7/7
  5589 | D:6      | Reached skill level 8 in Axes
  5737 | D:6      | Reached XP level 9. HP: 80/80 MP: 8/8
  5898 | D:6      | Reached skill level 9 in Axes
  6301 | D:7      | Found a staircase to the Ecumenical Temple.
  6370 | Temple   | Entered the Ecumenical Temple
  6517 | Temple   | Became a worshipper of Makhleb the Destroyer
  6641 | D:7      | Got Sif Muna's Tome of Toxic Cold
  6793 | D:7      | Reached skill level 10 in Axes
  7250 | D:8      | Reached * piety under Makhleb
  7286 | D:8      | Found a staircase to the Lair.
  7723 | D:8      | Reached XP level 10. HP: 91/91 MP: 9/9
  7818 | D:8      | Reached skill level 5 in Evocations
  8315 | D:9      | Noticed Gastronok
  8350 | D:9      | Reached skill level 10 in Fighting
  8353 | D:9      | Reached skill level 11 in Axes
  8359 | D:9      | Killed Gastronok
  8683 | D:9      | Identified the +2 robe of Xisoal {SInv}
  8945 | D:9      | Found a sacrificial altar of Ru.
  9211 | D:10     | Entered Level 10 of the Dungeon
  9219 | D:10     | Reached ** piety under Makhleb
  9457 | D:10     | Noticed a gargoyle
  9465 | D:10     | Killed a gargoyle
  9566 | D:10     | Noticed a two-headed ogre
  9573 | D:10     | Killed a two-headed ogre
  9574 | D:10     | Reached skill level 12 in Axes
  9574 | D:10     | Reached skill level 1 in Stealth
  9574 | D:10     | Reached XP level 11. HP: 95/102 MP: 10/10
  9619 | D:10     | Noticed Joseph
  9635 | D:10     | Killed Joseph
  9927 | D:10     | Noticed Maurice
  9964 | D:10     | Killed Maurice
 10044 | D:10     | Noticed a two-headed ogre
 10048 | D:10     | Killed a two-headed ogre
 10240 | D:10     | Found a portal to a secret trove of treasure.
 10360 | D:11     | Found a staircase to the Orcish Mines.
 10368 | D:11     | Reached *** piety under Makhleb
 10495 | D:11     | Noticed an obsidian statue
 10723 | D:11     | Reached skill level 13 in Axes
 11122 | D:11     | Noticed a soul eater
 11706 | D:11     | Reached **** piety under Makhleb
 11916 | D:12     | Reached skill level 10 in Armour
 12260 | Lair:1   | Entered Level 1 of the Lair of Beasts
 12649 | Lair:1   | Reached XP level 12. HP: 115/115 MP: 11/11
 12778 | Lair:1   | Reached skill level 14 in Axes
 13916 | Lair:2   | Found a staircase to the Swamp.
 14122 | Lair:2   | Reached ***** piety under Makhleb
 14129 | Lair:2   | Reached skill level 15 in Axes
 14931 | Lair:2   | Found a hole to the Spider Nest.
 14950 | Lair:2   | Identified the +7 rapier "Oxoodiq" {pain, rPois rF- Will++
                  | SInv}
 15532 | Lair:3   | Reached XP level 13. HP: 125/125 MP: 12/12
 15908 | Lair:4   | Found a dark tunnel.
 15928 | Volcano  | Entered a volcano
 15993 | Volcano  | Reached skill level 1 in Invocations
 16291 | Volcano  | Noticed a fire dragon
 16299 | Volcano  | Killed a fire dragon
 16300 | Volcano  | Reached skill level 15 in Fighting
 17070 | Lair:4   | Reached skill level 16 in Axes
 17559 | Lair:5   | Found a staircase to the Slime Pits.
 18632 | Lair:6   | Entered Level 6 of the Lair of Beasts
 19919 | Lair:6   | Reached XP level 14. HP: 123/137 MP: 15/15
 19936 | Lair:6   | Reached skill level 17 in Axes
 20171 | Lair:6   | Identified the +9 long sword of Analysis {venom, *Noise
                  | rPois Will+ Stlth+}
 20229 | Lair:6   | Noticed a cacodemon
 20243 | Lair:6   | Gained mutation: [You are dopey. (Int -2)] [a cacodemon]
 20527 | Lair:6   | Cast into level 2 of the Abyss (spriggan)
 20571 | Abyss:2  | Gained mutation: Your system is resistant to poisons.
                  | (rPois) [a shining eye]
 20611 | Abyss:2  | Noticed a bone dragon
 20628 | Abyss:2  | Killed a bone dragon
 20690 | Abyss:2  | Noticed a bone dragon
 20701 | Abyss:2  | Lost mutation: Your system is resistant to poisons. (rPois)
                  | [potion of mutation]
 20701 | Abyss:2  | Lost mutation: [You are very dopey. (Int -4)] [potion of
                  | mutation]
 20701 | Abyss:2  | Gained mutation: You have supernaturally acute eyesight.
                  | (SInv) [potion of mutation]
 20701 | Abyss:2  | Gained mutation: You are somewhat resistant to further
                  | mutation. [potion of mutation]
 20701 | Abyss:2  | HP: 9/205 [bone dragon (7)]
 20702 | Abyss:2  | Slain by a bone dragon

Illustrated notes

Levels and vault maps discovered:
D:1:      mrwooster_arrival_arrow, layout_rooms, ebering_ecumenical_altar_hall,
          serial_park_tiny_1, grunt_decor_fettered
D:2:      layout_basic, st_stairs_6, serial_park_tiny_1, corexii_corridor_pit,
          chequers_serial_rivers_marsh, amcnicky_mini_rare_corridor_liquid,
          nrook_loot_triangle, minmay_fractal_squares_5, uniq_jessica,
          uniq_crazy_yiuf_cottage
D:3:      layout_basic
D:4:      kennysheep_big_flooded_room, layout_rooms, portal_sewer_entry_a,
          ebering_ghost_sewer_d, hangedman_feature_mirror
D:5:      layout_loops_ring, gammafunk_ghost_abyssal_escape, minivault_5,
          uniq_sigmund
D:6:      cheibrodos_barr_body, layout_gridville, kennysheep_generic_room_15
D:7:      layout_basic, temple_pool_b, enter_bailey_7
D:8:      layout_basic, dpeg_oklobed_lair
D:9:      layout_loops_corners, lemuel_doored_altar,
          minmay_fractal_squares_diagonal_5, uniq_gastronok
D:10:     layout_gridville, enter_trove_6, minmay_unpleasant_kobolds,
          uniq_maurice, uniq_joseph
D:11:     layout_basic, zombieorc2_lemuel, minmay_protected_statue
D:12:     minmay_separated_statues, layout_stronghold,
          nicolae_concentric_dashed_squares_wild, grunt_decor_resistance,
          nicolae_hepliaklqana_ecumenical_no_more, uniq_rupert
Temple:   roderic_octagonal_lattice_temple
Lair:1:   layout_chaotic_city, grunt_megastairs_5
Lair:2:   layout_cave_pods, skrybe_swamp_entry_bodies, dummy_spider_entry,
          infiniplex_staircase_pool_2
Lair:3:   layout_big_grid, beast_lair_carwin_9
Lair:4:   layout_misc_corridors, nicolae_volcano_entry_hallway
Lair:5:   layout_layer_cave, nicolae_slime_entry_slimehenge, minmay_hedge_maze
Lair:6:   hellmonk_lair_end_abyssal_woods, layout_loops_ring,
          nicolae_lair_lindhole
Abyss:2:  base: D:9, abyss_greek_temple

Skill      XL: |  1  2  3  4  5  6  7  8  9 10 11 12 13 14 |
---------------+-------------------------------------------+-----
Armour         | 4 5 7 8 9 10 11 12 | 12.7
Fighting       | 4 5 6 7 9 11 13 14 16 | 16.2
Axes           | 3 4 5 7 8 10 12 13 15 16 17 | 17.1
Shields        | 4 5 |  5.4
Dodging        | 1 2 3 |  3.5
Evocations     | 1 2 4 6 7 8 9 |  9.0
Stealth        | 1 |  1.3
Invocations    | 3 |  3.7

Action                   |  1- 3 |  4- 6 |  7- 9 | 10-12 | 13-15 || total
-------------------------+-------+-------+-------+-------+-------++-------
Melee: War axe           |    48 |    95 |   242 |       |       ||   385
       Headbutt          |     3 |     8 |    50 |   113 |   106 ||   280
       Broad axe         |       |       |    18 |   508 |   417 ||   943
Invok: Lesser Servant of |       |       |       |     1 |     1 ||     2
       Major Destruction |       |       |       |       |     2 ||     2
       Greater Servant o |       |       |       |       |     1 ||     1
Evoke: Wand              |       |       |       |     1 |     7 ||     8
  Use: Potion            |       |       |       |     1 |    10 ||    11
       Scroll            |       |       |       |    13 |     4 ||    17
 Stab: Distracted        |       |       |       |     1 |       ||     1
Armor: Scale mail        |    34 |    34 |    20 |       |       ||    88
       Chain mail        |       |       |   135 |   342 |   208 ||   685
       Skin              |       |       |       |       |    27 ||    27
Dodge: Dodged            |    33 |    37 |    98 |   226 |   182 ||   576
       Repelled          |       |       |       |     2 |     4 ||     6
Block: Buckler           |    17 |    19 |    23 |       |       ||    59
